 Dungeon Crawl Stone Soup version 0.32-a0-616-g9348d4545b (webtiles) character file.

Game seed: 2711147783978164743

35090 cforsyth the Warrior (level 13, -4/127 HPs)
             Began as a Mountain Dwarf Necromancer on Mar 5, 2024.
             Was a High Priest of Kikubaaqudgha.
             Slain by a minotaur
             ... wielding a +4 halberd
              (21 damage)
             ... in a Gauntlet on Mar 6, 2024.
             The game lasted 01:04:24 (23177 turns).

cforsyth the Warrior (Mountain Dwarf Necromancer)  Turns: 23177, Time: 01:04:25

Health: -4/127     AC: 28    Str: 19    XL:     13   Next: 45%
Magic:  15/15      EV:  9    Int: 19    God:    Kikubaaqudgha [*****.]
Gold:   287        SH:  0    Dex: 10    Spells: 10/15 levels left

rFire   + . .        P - +4 battleaxe (freeze)
rCold   . . .        (shield currently unavailable)
rNeg    . . .        w - +3 chain mail "Ukyfan" {^Drain rF+ rCorr}
rPois   .            c - +0 helmet
rElec   .            f - +1 cloak
rCorr   +            D - +0 pair of gloves
SInv    .            L - +2 pair of boots
Will    +....        a - amulet of magic regeneration Stlth
                     T - +4 ring of protection
HPRegen 0.41/turn    r - ring of Veenecigh {rCorr Str+6 Stlth+}
MPRegen 0.54/turn

%: no teleportation
@: hasted, very quick
A: runic magic, artefact enchanting
a: Renounce Religion, Unearth Wretches, Torment


You were in a Gauntlet.
You worshipped Kikubaaqudgha.
Kikubaaqudgha was extremely pleased with you.
You visited 3 branches of the dungeon, and saw 16 of its levels.
You also visited: Gauntlet and Volcano.

You collected 1042 gold pieces.
You spent 755 gold pieces at shops.


Innate Abilities, Weirdness & Mutations

Your spellcasting is much less encumbered by armour.
You can use scrolls of enchantment on lesser artefacts.


   Skills:
 + Level 15.4 Fighting
 + Level 13.3 Axes
 + Level 12.5 Armour
 - Level 1.3 Dodging
 - Level 1.4 Stealth
 - Level 1.7 Spellcasting
 - Level 11.2 Necromancy


You had 10 spell levels left.
You knew the following spells:

 Your Spells              Type           Power      Damage    Failure   Level
a - Animate Dead          Necr           44%        N/A       2%          4
X - Necrotise             Necr           100%       1d9       1%          1

Your spell library contained the following spells:

 Spells                   Type           Power      Damage    Failure   Level
 Vampiric Draining        Necr           44%        2d9       1%          3
 Kiss of Death            Conj/Necr      92%        2d12      2%          1
 Curse of Agony           Necr           44%        N/A       7%          5
 Cigotuvi's Dreadful Rot  Necr/Alch/Air  30%        N/A       9%          2
 Shock                    Conj/Air       4%         1d3       26%         1
 Slow                     Hex            4%         N/A       26%         1
 Summon Small Mammal      Summ           4%         N/A       26%         1
 Anguish                  Hex/Necr       11%        N/A       26%         4
 Martyr's Knell           Necr/Summ      23%        N/A       26%         4
 Mercury Vapours          Alch/Air       2%         N/A       36%         2
 Static Discharge         Conj/Air       2%         3-4/arc   36%         2
 Death Channel            Necr           22%        N/A       36%         6
 Call Canine Familiar     Summ           1%         N/A       61%         3
 Inner Flame              Hex/Fire       1%         N/A       61%         3
 Mephitic Cloud           Conj/Alch/Air  1%         N/A       61%         3
 Sigil of Binding         Hex            1%         N/A       61%         3
 Airstrike                Air            0%         2d(1-17)  95%         4
 Dimensional Bullseye     Hex/Tloc       0%         N/A       95%         4
 Summon Lightning Spire   Summ/Air       1%         N/A       95%         4
 Freezing Cloud           Conj/Ice/Air   0%         6-21      100%        5
 Irradiate                Conj/Alch      0%         3d11      100%        5
 Summon Forest            Summ/Tloc      0%         N/A       100%        5
 Summon Mana Viper        Hex/Summ       1%         N/A       100%        5
 Summon Cactus Giant      Summ           0%         N/A       100%        6
 Ignition                 Fire           0%         3d3       100%        8

Inventory:

Hand Weapons
 p - a +2 spectral club
 P - a +4 battleaxe of freezing (weapon)
Missiles
 j - 28 poisoned darts
Armour
 c - a +0 helmet (worn)
 f - a +1 cloak (worn)
 w - the +3 chain mail "Ukyfan" (worn) {^Drain rF+ rCorr}
   (You bought it in a shop on level 2 of the Dungeon)

   rF+:       It protects you from fire.
   rCorr:     It protects you from acid and corrosion.
   ^Drain:    It drains your maximum health when unequipped.
 D - a +0 pair of gloves (worn)
 F - the +3 hat of Pondering {ponderous, Will+ MP+10 Int+5}
   (You took it off Gastronok on level 12 of the Dungeon)

   Int+5:     It affects your intelligence (+5).
   Will+:     It increases your willpower.
   MP+10:     It affects your magic capacity (+10).
 L - a +2 pair of boots (worn)
Magical Staves
 g - a staff of fire {!a}
 z - a staff of air {!a}
Jewellery
 a - an amulet of magic regeneration (around neck)
 r - the ring of Veenecigh (right hand) {rCorr Str+6 Stlth+}
   (You found it in a Gauntlet)

   [ring of strength]

   Str+6:     It affects your strength (+6).
   rCorr:     It protects you from acid and corrosion.
   Stlth+:    It makes you more stealthy.
 C - a ring of protection from cold
 M - a ring of magical power
 S - a +6 ring of strength
 T - a +4 ring of protection (left hand)
 Z - a ring of wizardry
Wands
 l - a wand of polymorph (15)
 o - a wand of warping (14)
 B - a wand of mindburst (4)
 E - a wand of charming (21)
 O - a wand of flame (10)
Scrolls
 h - 2 scrolls of enchant armour
 i - a scroll of enchant weapon
 k - 4 scrolls of poison
 m - 2 scrolls of immolation
 q - 2 scrolls of noise
 x - a scroll of amnesia {unknown}
 y - 2 scrolls of fear
 H - a scroll of acquirement
 I - a scroll of blinking
 K - 3 scrolls of teleportation {@r2}
 N - a scroll of fog
 Q - a scroll of vulnerability {unknown}
Potions
 b - 4 potions of magic
 d - 2 potions of brilliance
 e - 9 potions of curing {@q1}
 n - 3 potions of heal wounds {@q2}
 s - 4 potions of lignification
 t - 5 potions of might
 u - 2 potions of resistance
 v - 5 potions of haste {@q3}
 A - 2 potions of ambrosia
 G - 2 potions of attraction
 J - a potion of cancellation

Dungeon Overview and Level Annotations

Branches:
Dungeon (12/15)            Temple (1/1) D:6            Lair (3/5) D:8
 Shoals (0/4) Lair:2       Spider (0/4) Lair:3          Orc (0/2) D:9
Volcano (visited)         Gauntlet (1/1)

Altars:
Ashenzari
Cheibriados
Dithmenos
Elyvilon
Fedhas
Gozag
Hepliaklqana
Kikubaaqudgha
Makhleb
Nemelex Xobeh
Okawaru
Qazlal
Ru
Sif Muna
Trog
Uskayaw
Vehumet
Wu Jian
Xom
Yredelemnul
Zin
The Shining One

Shops:
D:1 *   D:2 ((([?   D:8 (   D:9 !   D:12 **

Annotations:
D:9 1 runed translucent door Gauntlet 6 transporters, 1 runed translucent door, exclusion: 2 lightning spires

..▓▒.!▒.≈≈▒.ß.▓▓.▓ ..
▓▒.▓..▒.≈▒▒......▓▓.▓ .
.▓©.▓§▒.▒▒▒.ß.▓▓... ▓.▓
▒)▓.▒.▒..▒▒...▓▓.▓ ..
▓..▒▓.▒...▒.ß....▓▓.▓
.▒▓..▒▒.∩.▒...▓▓....▓
▒▒▒▒▒▒▒...▒.©.▓▓.▓▓.░░░░
..▒.....ß.▒......▓▓.'...
▒▒▒▒▒▒▒...▒.©.▓▓@H..░ ░
...I.h▒.∩.▒...▓▓.▓▓....▓
░▒░.░.▒...▒.ß....▓ ▓▓..
.▒.^.=▒..▒▒...▓▓..
.░©░.©▒.▒▒▒.ß.▓▓.▓
.^.▒.|▒.≈▒▒......▓
░.░▒░!▒.≈≈▒ ß.▓▓..
....I.▒.≈▒▒ ▓▓▓
▒▒▒▒▒▒▒.▒▒


You could see a minotaur.


Message History

You slice the minotaur!! You freeze the minotaur.
The minotaur is severely wounded.
The minotaur hits you with a +4 halberd!!
* * * LOW HITPOINT WARNING * * *
The minotaur gores you but does no damage.
You hit the minotaur. You freeze the minotaur.
The minotaur is almost dead.
You barely miss the minotaur.
The minotaur furiously retaliates!
The minotaur headbutts you.
* * * LOW HITPOINT WARNING * * *
The minotaur is almost dead.
The minotaur hits you with a +4 halberd!
* * * LOW HITPOINT WARNING * * *
The minotaur gores you!
* * * LOW HITPOINT WARNING * * *
You hit the minotaur. You freeze the minotaur.
The minotaur is almost dead.
The minotaur hits you with a +4 halberd!
* * * LOW HITPOINT WARNING * * *
The minotaur gores you but does no damage.
Unknown command.
You hit the minotaur but do no damage.
The minotaur is almost dead.
Unknown command.
Okay, then.
You hit the minotaur but do no damage.
The minotaur is almost dead.
The minotaur hits you with a +4 halberd!!
You die...
Kikubaaqudgha rasps: You have failed me!
Welcome... death!

Skill      XL: |  1  2  3  4  5  6  7  8  9 10 11 12 13 |
---------------+----------------------------------------+-----
Fighting       | 1 2 3 4 5 7 9 10 12 13 14 15 | 15.4
Necromancy     | 5 6 7 8 10 11 | 11.2
Armour         | 5 7 9 11 12 | 12.5
Axes           | 4 7 10 12 13 | 13.3
Dodging        | |  1.3
Stealth        | |  1.4
Spellcasting   | |  1.7

Action                     |  1- 3 |  4- 6 |  7- 9 | 10-12 | 13-15 || total
---------------------------+-------+-------+-------+-------+-------++-------
  Melee: Unarmed           |    10 |       |       |       |       ||    10
         Punch             |     1 |       |       |       |       ||     1
         Club              |    38 |       |    97 |       |       ||   135
         Dagger            |     1 |    30 |    15 |       |       ||    46
         Whip              |       |       |    44 |       |       ||    44
         Battleaxe         |       |       |    12 |   663 |   120 ||   795
   Cast: Necrotise         |    91 |   112 |   254 |   128 |       ||   585
         Animate Dead      |       |       |     3 |    15 |     1 ||    19
 Invoke: Unearth Wretches  |       |       |       |     1 |       ||     1
  Evoke: Wand              |       |       |     2 |    12 |       ||    14
    Use: Scroll            |       |     5 |     1 |    18 |     4 ||    28
         Potion            |       |       |     1 |     4 |     1 ||     6
   Stab: Sleeping          |     2 |       |       |       |       ||     2
         Distracted        |       |       |       |     2 |     2 ||     4
         Paralysed         |       |       |       |     1 |       ||     1
 Armour: Robe              |    65 |    17 |       |       |       ||    82
         Scale mail        |       |    35 |   112 |       |       ||   147
         Chain mail        |       |       |   207 |  1114 |   134 ||  1455
  Dodge: Dodged            |    51 |    31 |   124 |   434 |    42 ||   682

Levels and vault maps discovered:
D:1:      tarquinn_simple_flora_water_a, layout_rooms, serial_shops,
          nicolae_shop_overgrown_old_shop
D:2:      layout_loops_ring, serial_shops,
          nicolae_shop_temple_entry_statues_fountains, shop,
          nicolae_shop_tiny_real_fake_doors, shop, shop, minivault_26,
          minivault_4
D:3:      minmay_chambers_of_twos, layout_loops_ring,
          dreamdust_ecumenical_altar_statues, minmay_misc_feat_alley,
          uniq_terence, uniq_ijyb, uniq_robin
D:4:      layout_rooms, kennysheep_slug_shrine, nicolae_uskayaw_suspiria
D:5:      layout_rooms, overflow_temple_1_default, uniq_pikel
D:6:      layout_basic, minmay_temple_entry_grid, kennysheep_generic_room_8
D:7:      wad_guarded_room, layout_basic, worldfamousw_hep_ancestral_shrine,
          trog_ov_bears_minmay, minivault_27
D:8:      layout_cave_pools, mainiacjoe_overflow_catwalk_spiral,
          grunt_lair_entry_orc_guard_hut, nicolae_shop_firing_range,
          uniq_jeremiah, uniq_joseph, uniq_erica
D:9:      minmay_gate_of_8, layout_layer_cave,
          grunt_dithmenos_smoke_and_mirrors, mainiacjoe_overflow_paths,
          david_orc_2, serial_shops, kennysheep_little_box
D:10:     layout_long_grid, lemuel_tele_altar, mainiacjoe_overflow_boulevard,
          chequers_decorated_corner, minmay_fountain_box
D:11:     layout_loops_ring, minmay_increasing_density
D:12:     layout_basic, serial_shops, nicolae_shop_dealshenge,
          nicolae_shop_tiny_statue_garden, uniq_gastronok
Temple:   jpeg_temple_clearing
Lair:1:   dreamdust_isle_of_ice, layout_gridlike,
          nicolae_volcano_entry_two_sided, serial_bayou_shore_b
Lair:2:   layout_roguey, nicolae_shoals_entry_roost, beast_lair_carwin_4
Lair:3:   layout_chaotic_city, nicolae_spider_entry_lesser_pyramids,
          gauntlet_entry_generic
Gauntlet: minmay_gauntlet_77_indecision [minmay_gauntlet_arena_77_box,
          minmay_gauntlet_arena_77_braids,
          minmay_gauntlet_arena_77_terracotta_army,
          minmay_gauntlet_arena_77_cramped,
          minmay_gauntlet_arena_77_broken_ladder, minmay_gauntlet_arena_77_mess,
          gauntlet_exit_green]

Notes
Turn   | Place    | Note
-------+----------+-------------------------------------------
     0 | D:1      | cforsyth the Mountain Dwarf Necromancer began the quest for
                  | the Orb.
     0 | D:1      | Reached XP level 1. HP: 14/14 MP: 3/3
   179 | D:1      | Reached skill level 1 in Fighting
   231 | D:1      | Found Mirynwo's Assorted Antiques.
   275 | D:1      | Got Zaimyarr's Witchcraft, Part One
   341 | D:1      | Reached XP level 2. HP: 23/23 MP: 2/4
   749 | D:2      | Found Omex's Weapon Boutique.
   793 | D:2      | Found Fiykil's Weapon Shop.
   812 | D:2      | Found Koant's Antique Armour Emporium.
  1169 | D:2      | Found Kokam's Weapon Shoppe.
  1244 | D:2      | Reached skill level 2 in Fighting
  1244 | D:2      | Reached skill level 5 in Necromancy
  1244 | D:2      | Reached XP level 3. HP: 5/29 MP: 1/5
  1802 | D:2      | Found Xociegh's Magic Scroll Shop.
  2183 | D:1      | Bought a pink potion for 20 gold pieces
  2183 | D:1      | Bought a pink potion for 20 gold pieces
  2183 | D:1      | Bought a scroll labelled PODOLO TEPS for 23 gold pieces
  2375 | D:3      | Noticed a scorpion
  2467 | D:3      | Noticed Robin
  2641 | D:3      | Noticed Terence
  2789 | D:3      | Killed a scorpion
  2790 | D:3      | Reached skill level 3 in Fighting
  2790 | D:3      | Reached XP level 4. HP: 31/38 MP: 0/6
  2853 | D:3      | Noticed a black bear
  2859 | D:3      | Killed a black bear
  2860 | D:3      | Reached skill level 4 in Fighting
  2860 | D:3      | Reached skill level 6 in Necromancy
  2860 | D:3      | Reached XP level 5. HP: 24/46 MP: 0/7
  3102 | D:2      | Killed Terence
  3576 | D:3      | Found a faded altar of an unknown god.
  3593 | D:3      | Reached XP level 6. HP: 53/53 MP: 5/8
  3618 | D:3      | Killed Robin
  3748 | D:3      | Noticed Ijyb
  3753 | D:3      | Killed Ijyb
  4098 | D:4      | Found a hide-covered altar of Uskayaw.
  4205 | D:4      | Reached skill level 5 in Fighting
  4205 | D:4      | Reached skill level 7 in Necromancy
  4237 | D:4      | Found a snail-covered altar of Cheibriados.
  4375 | D:4      | Learned a level 4 spell: Animate Dead
  4395 | D:5      | Entered Level 5 of the Dungeon
  4496 | D:5      | Reached XP level 7. HP: 61/61 MP: 6/9
  4626 | D:5      | Reached skill level 6 in Fighting
  4983 | D:5      | Reached skill level 8 in Necromancy
  5221 | D:5      | Reached skill level 7 in Fighting
  5286 | D:5      | Reached XP level 8. HP: 73/73 MP: 6/10
  5542 | D:5      | Found an iron altar of Okawaru.
  5590 | D:5      | Noticed Pikel
  5621 | D:5      | Killed Pikel
  5622 | D:5      | Reached skill level 8 in Fighting
  5622 | D:5      | Reached skill level 9 in Necromancy
  6048 | D:2      | Bought a spiked chain mail for 285 gold pieces
  6048 | D:2      | Identified the +3 chain mail "Ukyfan" {^Drain rF+ rCorr}
                  | (You bought it in a shop on level 2 of the Dungeon)
  6422 | D:6      | Found a staircase to the Ecumenical Temple.
  6446 | Temple   | Entered the Ecumenical Temple
  6460 | Temple   | Became a worshipper of Kikubaaqudgha
  6512 | D:6      | Identified the +0 robe of Untruth {rN+}
  6686 | D:6      | Reached skill level 10 in Necromancy
  6734 | D:6      | Reached skill level 9 in Fighting
  6760 | D:6      | Reached XP level 9. HP: 83/83 MP: 6/11
  7298 | D:6      | Reached skill level 1 in Armour
  7604 | D:7      | Reached skill level 2 in Armour
  7651 | D:7      | Reached skill level 1 in Axes
  7872 | D:7      | Reached skill level 2 in Axes
  7872 | D:7      | Reached skill level 3 in Armour
  7972 | D:7      | Reached skill level 10 in Fighting
  8008 | D:7      | Reached * piety under Kikubaaqudgha
  8008 | D:7      | Received a gift from Kikubaaqudgha
  8078 | D:7      | Reached skill level 3 in Axes
  8254 | D:7      | Reached skill level 4 in Armour
  8380 | D:7      | Reached skill level 4 in Axes
  8575 | D:7      | Found a bloodstained altar of Trog.
  8901 | D:7      | Noticed a cyclops
  9234 | D:7      | Killed a cyclops
  9235 | D:7      | Reached skill level 5 in Armour
  9235 | D:7      | Reached XP level 10. HP: 26/94 MP: 12/12
  9471 | D:7      | Reached skill level 5 in Axes
  9689 | D:7      | Found a hazy altar of Hepliaklqana.
 10048 | D:7      | Reached skill level 11 in Fighting
 10565 | D:8      | Noticed Erica
 10797 | D:8      | Noticed Jeremiah
 10808 | D:7      | Reached skill level 6 in Axes
 10808 | D:7      | Reached skill level 6 in Armour
 11587 | D:8      | Reached ** piety under Kikubaaqudgha
 11818 | D:7      | Killed Erica
 11923 | D:8      | Killed Jeremiah
 11924 | D:8      | Reached skill level 7 in Axes
 11924 | D:8      | Reached skill level 7 in Armour
 12083 | D:8      | Noticed a smoke demon
 12093 | D:8      | Found a staircase to the Lair.
 12095 | D:8      | HP: 7/94 [smoke demon/divine providence[a kobold
                  | demonologist] (12)]
 12101 | D:8      | Noticed Joseph
 12301 | D:8      | Noticed a soul eater
 12313 | D:7      | Noticed a sun demon
 12316 | D:8      | Noticed an orange demon
 12515 | D:8      | Killed Joseph
 12670 | D:8      | Found Vetharho's Firing Range.
 12686 | D:8      | Reached skill level 12 in Fighting
 12697 | D:8      | Reached XP level 11. HP: 90/104 MP: 13/13
 12958 | D:8      | Found a sparkling altar of Nemelex Xobeh.
 12960 | D:8      | Found an ornate altar of the Wu Jian Council.
 12986 | D:8      | Reached skill level 8 in Axes
 13496 | D:9      | Found a radiant altar of Vehumet.
 13594 | D:9      | Reached skill level 8 in Armour
 14231 | D:9      | Found a shadowy altar of Dithmenos.
 14253 | D:9      | Reached *** piety under Kikubaaqudgha
 14253 | D:9      | Received a gift from Kikubaaqudgha
 14345 | D:9      | Found a staircase to the Orcish Mines.
 14361 | D:9      | Reached skill level 9 in Axes
 14635 | D:9      | Found Veefefue's Distillery.
 14809 | D:9      | Noticed a five-headed hydra
 14809 | D:9      | Noticed a wolf spider
 14810 | D:9      | Found a runed translucent door.
 14811 | D:9      | Noticed an ogre mage
 14812 | D:9      | Noticed a centaur warrior
 14812 | D:9      | Noticed a deep elf zephyrmancer
 14812 | D:9      | Noticed a boulder beetle
 15177 | D:2      | Bought a pair of runed boots for 225 gold pieces
 15346 | D:10     | Entered Level 10 of the Dungeon
 15346 | D:10     | Found a glowing golden altar of the Shining One.
 15779 | D:10     | Paralysed by a hornet for 1 turns
 16187 | D:10     | Reached skill level 9 in Armour
 16333 | D:10     | Found a sacrificial altar of Ru.
 16717 | D:11     | Reached skill level 13 in Fighting
 16852 | D:11     | Noticed a two-headed ogre
 16871 | D:11     | Killed a two-headed ogre
 16872 | D:11     | Reached skill level 10 in Axes
 16878 | D:11     | Reached skill level 11 in Necromancy
 17686 | D:12     | Reached XP level 12. HP: 94/115 MP: 14/14
 17795 | D:12     | Identified a potion of resistance
 18085 | D:12     | Found Ifyneawo's Assorted Antiques.
 18131 | D:12     | Bought a scroll of teleportation for 111 gold pieces
 18131 | D:12     | Bought a scroll labelled QONACO HANAMNI for 37 gold pieces
 18132 | D:12     | Found Xioxt's Assorted Antiques.
 18248 | D:12     | Bought a scroll labelled LIALOS MILASOM for 34 gold pieces
 18348 | D:12     | Noticed Gastronok
 18685 | D:12     | Reached skill level 10 in Armour
 18738 | D:12     | Killed Gastronok
 19250 | Lair:1   | Entered Level 1 of the Lair of Beasts
 19317 | Lair:1   | Found a dark tunnel.
 19326 | Volcano  | Entered a volcano
 19355 | Volcano  | Reached skill level 11 in Axes
 19445 | Volcano  | Noticed a stone giant
 19455 | Volcano  | Killed a stone giant
 19455 | Volcano  | Reached **** piety under Kikubaaqudgha
 19456 | Volcano  | Reached skill level 14 in Fighting
 19928 | Lair:1   | Reached skill level 11 in Armour
 20604 | Lair:1   | Noticed a death yak
 20676 | Lair:1   | Killed a death yak
 20677 | Lair:1   | Reached skill level 12 in Axes
 21531 | Lair:2   | Reached XP level 13. HP: 80/125 MP: 15/15
 21644 | Lair:2   | Found a staircase to the Shoals.
 22036 | Lair:2   | Reached skill level 15 in Fighting
 22036 | Lair:2   | Reached skill level 12 in Armour
 22547 | Lair:3   | Found a hole to the Spider Nest.
 22551 | Lair:3   | Reached skill level 13 in Axes
 22565 | Lair:3   | Identified a scroll of acquirement
 22642 | Lair:3   | Found a gate leading to a gauntlet.
 22657 | Gauntlet | Entered a Gauntlet
 22657 | Gauntlet | Found a transporter.
 22657 | Gauntlet | Found a transporter.
 22687 | Gauntlet | Found a transporter.
 22691 | Gauntlet | Found a transporter.
 22695 | Gauntlet | Found a runed translucent door.
 22697 | Gauntlet | Found a runed translucent door.
 22699 | Gauntlet | Found a transporter.
 22703 | Gauntlet | Found a transporter.
 22712 | Gauntlet | Found a transporter.
 22727 | Gauntlet | Found a transporter.
 22742 | Gauntlet | Found a transporter.
 22746 | Gauntlet | Found a transporter.
 22754 | Gauntlet | Found a transporter.
 22758 | Gauntlet | Found a transporter.
 22950 | Gauntlet | Paralysed by a hornet for 3 turns
 23085 | Gauntlet | Identified the +0 war axe "Onaihasu" {holy, ^Drain rCorr
                  | Str+3 Int+5}
 23107 | Gauntlet | Reached ***** piety under Kikubaaqudgha
 23132 | Gauntlet | Identified the ring of Veenecigh {rCorr Str+6 Stlth+}
 23157 | Gauntlet | Identified the +10 hand cannon of Darkness {heavy, MP-9
                  | Dex+4}
 23157 | Gauntlet | Noticed a minotaur
 23177 | Gauntlet | Slain by a minotaur

Vanquished Creatures
  Gastronok (D:12)
  A stone giant (Volcano)
  Erica (D:7)
  A two-headed ogre (D:11)
  A death yak (Lair:1)
  A pharaoh ant (Lair:3)
  Pikel (D:5)
  2 arcanists (Gauntlet)
  2 harpies (Lair:2)
  A deep elf pyromancer (D:12)
  4 cyclopes
  2 manticores
  A black mamba (Lair:2)
  3 gargoyles
  Joseph (D:8)
  3 cane toads (Lair:1)
  Jeremiah (D:8)
  An efreet (Volcano)
  3 komodo dragons
  A kobold demonologist (D:8)
  A rime drake (Lair:1)
  2 trolls
  An ice devil (Gauntlet)
  3 polar bears
  5 hornets
  7 blink frogs
  A shadow (D:7)
  4 wraiths
  5 wyverns
  16 yaks
  A basilisk (Lair:2)
  4 fire elementals (Volcano)
  3 steam dragons
  A vampire mosquito (D:11)
  A redback (Lair:3)
  9 water moccasins
  4 ice beasts
  3 orc warriors
  8 black bears
  A sky beast (D:6)
  5 wolves
  6 centaurs
  3 lemures
  A phantom (D:4)
  4 kobold brigands
  10 bullfrogs
  2 gnoll sergeants
  10 scorpions
  20 wights
  A two-headed ogre simulacrum (Lair:1)
  10 killer bees
  7 howler monkeys
  4 bombardier beetles
  5 orc priests
  6 hounds
  3 jellies
  A gnoll bouda (D:8)
  2 sleepcaps
  Ijyb (D:3)
  Terence (D:2)
  3 iguanas
  11 orc wizards
  6 hell rats (Lair:1)
  A troll simulacrum (Lair:1)
  Robin (D:3)
  2 adders
  8 gnolls
  A naga simulacrum (Lair:1)
  2 shadow imps (Gauntlet)
  4 white imps
  2 dart slugs
  3 ribbon worms
  22 orcs
  6 bats
  7 endoplasms
  3 giant cockroaches
  11 goblins
  9 hobgoblins
  2 jackals (D:4)
  4 quokkas
  6 ball pythons
  A frilled lizard (D:2)
  18 kobolds
  6 rats
353 creatures vanquished.

Vanquished Creatures (collateral kills)
  A hydra (Lair:2)
  A bog body (Lair:1)
  A cane toad (Lair:2)
  A rime drake (Lair:1)
  2 komodo dragons
  An anaconda simulacrum (Lair:1)
  A troll (D:11)
  3 blink frogs (Lair:1)
  A basilisk (Lair:2)
  6 yaks
  A vampire mosquito (D:7)
  2 water moccasins
  A sky beast (D:7)
  An orc warrior (D:11)
  2 wolves (Lair:2)
  3 bullfrogs (Lair:2)
  A cane toad simulacrum (Lair:1)
  A scorpion (Lair:3)
  2 wights (D:10)
  A killer bee (D:10)
  4 howler monkeys
  A polar bear simulacrum (Lair:1)
  2 gnolls
  A ribbon worm (D:3)
  4 orcs
  2 frilled lizards
47 creatures vanquished.

Vanquished Creatures (others)
  A death yak zombie (Lair:1)
  A wyvern (Lair:2)
  A cane toad zombie (Lair:1)
  A wyvern zombie (Lair:2)
  A bullfrog (Lair:2)
  2 cyclops zombies
  3 wolf zombies (Lair:2)
  6 bullfrog zombies
  A black bear zombie (Lair:2)
  An orc wizard (D:9)
  A howler monkey zombie (D:9)
19 creatures vanquished.

Grand Total: 419 creatures vanquished

Table legend: (Time is in decaauts)
 A = Elapsed time spent in this place.
 B = Non-inter-level travel time spent in this place.
 C = Inter-level travel time spent in this place.
 D = Time resting spent in this place.
 E = Time spent auto-exploring this place.
 F = Levels seen in this place.
 G = Mean time per level.
                   A        B        C        D        E       F      G
               +--------+--------+--------+--------+--------+-----+--------+
         Total |  23536 |  22041 |   1495 |   4063 |  12618 |  18 | 1307.6 |
       Dungeon |  19549 |  18101 |   1448 |   3779 |  10321 |  12 | 1629.1 |
        Temple |     24 |     14 |     10 |      0 |      0 |   1 |   24.0 |
          Lair |   3128 |   3091 |     37 |    177 |   2071 |   3 | 1042.7 |
       Volcano |    319 |    319 |      0 |      0 |    115 |   1 |  319.0 |
      Gauntlet |    514 |    514 |      0 |    107 |    111 |   1 |  514.0 |
               +--------+--------+--------+--------+--------+-----+--------+

Top non-repeatable levels by time:
     D:7: 4248 daAuts
     D:2: 2016 daAuts
  Lair:1: 1960 daAuts
     D:9: 1878 daAuts
     D:6: 1779 daAuts
    D:12: 1529 daAuts
     D:3: 1449 daAuts
     D:8: 1407 daAuts
     D:5: 1245 daAuts
    D:11: 1168 daAuts
    D:10: 1099 daAuts
  Lair:2: 1032 daAuts
     D:4: 927 daAuts
     D:1: 797 daAuts
Gauntlet: 514 daAuts

Table legend:
 A = Non-vault XP
 B = Vault XP
 C = Vault XP percentage of total XP
 D = Non-vault monster count
 E = Vault monster count
 F = Vault count percentage of total count
                 A         B        C        D         E       F
            +---------+---------+-------+---------+---------+-------
      Total |   28148 |   21981 |  43.8 |     282 |     114 |  28.8
            +---------+---------+-------+---------+---------+-------
        D:1 |      18 |       0 |   0.0 |      12 |       0 |   0.0
        D:2 |      39 |      42 |  51.9 |      20 |       4 |  16.7
        D:3 |     173 |     169 |  49.4 |      15 |      19 |  55.9
        D:4 |     363 |       4 |   1.1 |      22 |       1 |   4.3
        D:5 |     640 |     663 |  50.9 |      14 |       1 |   6.7
        D:6 |    1068 |     263 |  19.8 |      17 |       2 |  10.5
        D:7 |    1894 |    3055 |  61.7 |      31 |      20 |  39.2
        D:8 |    1863 |    1506 |  44.7 |      21 |       7 |  25.0
        D:9 |    3822 |     149 |   3.8 |      39 |       5 |  11.4
       D:10 |    1634 |       0 |   0.0 |      15 |       0 |   0.0
       D:11 |    1881 |    2135 |  53.2 |       7 |       7 |  50.0
       D:12 |    3134 |    1518 |  32.6 |      12 |       1 |   7.7
     Temple |      39 |       0 |   0.0 |       1 |       0 |   0.0
     Lair:1 |    3937 |    3892 |  49.7 |      21 |      15 |  41.7
     Lair:2 |    5491 |    2779 |  33.6 |      25 |      11 |  30.6
     Lair:3 |    2152 |    1090 |  33.6 |      10 |       4 |  28.6
    Volcano |       0 |    2219 | 100.0 |       0 |       6 | 100.0
   Gauntlet |       0 |    2497 | 100.0 |       0 |      11 | 100.0
            +---------+---------+-------+---------+---------+-------
